 Dungeon Crawl Stone Soup version 0.31-a0-424-g41b3b0883d (webtiles) character file.

Game seed: 4112573107861025573

8 Ethylacetat the Ruffian (level 2, 0/18 HPs)
             Began as an Octopode Shapeshifter on July 30, 2023.
             Slain by a jackal (1 damage)
             ... on level 1 of the Dungeon.
             The game lasted 00:00:25 (105 turns).

Ethylacetat the Ruffian (Octopode Shapeshifter)      Turns: 105, Time: 00:00:25

Health: 0/18       AC:  1    Str: 14    XL:     2   Next: 8%
Magic:  2/2        EV: 13    Int: 10    God:
Gold:   7          SH:  0    Dex: 12    Spells: 1/1 levels left

rFire   . .          .
                       - Unarmed
rCold   . . .        (no shield)
rNeg    . . .        (helmet currently unavailable)
rPois   .            (no amulet)
rElec   .            (no ring)
rCorr   .            (no ring)
SInv    .            (no ring)
Will    .....        (no ring)
Stlth   ++           (no ring)
HPRegen 0.23/turn    (no ring)
MPRegen 0.08/turn    (no ring)
                     (no ring)

%: no passive effects
@: beast-form
A: beast (slay +2), almost no armour, amphibious, 8 rings, camouflage 1,
gelatinous body 1, (nimble swimmer 1), tentacles
a: Begin Untransformation


You were on level 1 of the Dungeon.
You were a hulking beast.
You visited 1 branch of the dungeon, and saw 1 of its levels.

You collected 7 gold pieces.

Inventory:

Talismans
 b - a beast talisman (active)
Scrolls
 c - a scroll of blinking {unknown}
Potions
 a - a potion of lignification


   Skills:
 + Level 1.3 Fighting
 + Level 2.2 Dodging
 + Level 3.1 Unarmed Combat
 + Level 3.1 Shapeshifting


You had one spell level left.
You didn't know any spells.
Your spell library was empty.

Dungeon Overview and Level Annotations

Branches:
Dungeon (1/15)

Altars:


Innate Abilities, Weirdness & Mutations

You are a hulking beast.
Your limbs bulge with bestial killing power. (Slay +2)
You cannot wear most types of armour.
You are amphibious.
You can wear up to eight rings at the same time.
Your skin changes colour to match your surroundings (Stealth+).
Your rubbery body absorbs attacks. (AC +1, EV +1)
((You are camouflaged when in or above water. (Stealth+)))
You have tentacles for arms and can constrict up to eight enemies at once.


Message History

The jackal misses you. x2
You tentacle-slap the jackal but do no damage.
The jackal is lightly wounded.
You constrict the jackal. The jackal closely misses you. The goblin misses you.
The jackal barely misses you.
You tentacle-slap the jackal. x2
You kill the jackal!
The jackal bites you. The goblin hits you with a +0 dagger.
The jackal completely misses you. The jackal bites you.
You have reached level 2!
You are too injured to fight recklessly!
You are too injured to fight recklessly!
You closely miss the jackal. Your grab misses the jackal. The jackal bites you.
The jackal completely misses you. The goblin hits you with a +0 dagger.
The dart slug barely misses you.
You closely miss the jackal. You grab the jackal. You constrict the jackal.
The jackal bites you but does no damage.
The jackal barely misses you. The goblin hits you with a +0 dagger.
* * * LOW HITPOINT WARNING * * *
The jackal barely misses you. The dart slug launches a dart at you.
The slug dart hits you.
* * * LOW HITPOINT WARNING * * *
You tentacle-slap the jackal.
The jackal is severely wounded.
You constrict the jackal.
You kill the jackal!
The jackal closely misses you. The goblin hits you but does no damage.
You tentacle-slap the dart slug. Your grab misses the dart slug.
You squeeze the dart slug.
The dart slug is heavily wounded.
The jackal bites you.
* * * LOW HITPOINT WARNING * * *
The dart slug closely misses you. The goblin closely misses you.
You tentacle-slap the dart slug. You grab the dart slug.
The dart slug is almost dead.
You constrict the dart slug.
You kill the dart slug!
The jackal bites you.
You die...

.. .# .# ### .#
..##.###
#######.#....
.B#....#†.#
.#######.#....#hh#
#........#....†g.#
#.# #....†.#..#
#.# ##.###....#
#.#
#####.###......#
#.#
#...............#
#.#
#.###.###....#.#.#
##.###.# #.#
.....#.# #
.>.....# #.#
...... #


You could see a jackal and a goblin.

Vanquished Creatures
  A dart slug (D:1)
  A giant cockroach (D:1)
  3 jackals (D:1)
  A kobold (D:1)
  A quokka (D:1)
7 creatures vanquished.

Notes
Turn   | Place    | Note
-------+----------+-------------------------------------------
     0 | D:1      | Ethylacetat the Octopode Shapeshifter began the quest for
                  | the Orb.
     0 | D:1      | Reached XP level 1. HP: 13/13 MP: 1/1
   101 | D:1      | Reached XP level 2. HP: 8/18 MP: 2/2
   105 | D:1      | Slain by a jackal

Illustrated notes

Levels and vault maps discovered:
D:1:      psy_arrival_conway, layout_loops_ring, kennysheep_minor_cross

Action                     || total
---------------------------++-------
  Melee: Unarmed           ||    19
         Constrict         ||     7
         Tentacles         ||     2
         Punch             ||     1
   Stab: Sleeping          ||     2
 Armour: Skin              ||     2
  Dodge: Dodged            ||    22

Table legend: (Time is in decaauts)
 A = Elapsed time spent in this place.
 B = Non-inter-level travel time spent in this place.
 C = Inter-level travel time spent in this place.
 D = Time resting spent in this place.
 E = Time spent auto-exploring this place.
 F = Levels seen in this place.
 G = Mean time per level.
                   A        B        C        D        E       F      G
               +--------+--------+--------+--------+--------+-----+--------+
         Total |    104 |    104 |      0 |      0 |     65 |   1 |  104.0 |
       Dungeon |    104 |    104 |      0 |      0 |     65 |   1 |  104.0 |
               +--------+--------+--------+--------+--------+-----+--------+

Top non-repeatable levels by time:
     D:1: 104 daAuts
